 Dungeon Crawl Stone Soup version 0.32-a0-975-g85d4e5bfdb (webtiles) character file.

Game seed: 7889460234000610799

247 kae the Changeling (level 5, -4/37 HPs)
             Began as a Demonspawn Shapeshifter on Apr 18, 2024.
             Splashed by a jelly's acid (6 damage)
             ... on level 4 of the Dungeon.
             The game lasted 00:02:08 (2650 turns).

kae the Changeling (Demonspawn Shapeshifter)        Turns: 2650, Time: 00:02:09

Health: -4/37      AC: -2    Str: 14    XL:     5   Next: 85%
Magic:  5/5        EV: 13    Int: 10    God:
Gold:   188        SH:  0    Dex: 15    Spells: 4/4 levels left

rFire   . .          .
                       - Unarmed
rCold   . . .        (no shield)
rNeg    . . .        k - +0 scale mail
rPois   .            (helmet currently unavailable)
rElec   .            (cloak currently unavailable)
rCorr   .            (gloves currently unavailable)
SInv    .            (boots currently unavailable)
Will    .....        (no amulet) Stlth
                     (no ring)
HPRegen 0.26/turn    (no ring)
MPRegen 0.09/turn

%: no passive effects
@: agile, beast-form, corroded
A: beast (slay +2), foul stench 2, powered by pain 1
a: Begin Untransformation


You were on level 4 of the Dungeon.
You were a hulking beast.
You visited 1 branch of the dungeon, and saw 4 of its levels.

You collected 188 gold pieces.


Innate Abilities, Weirdness & Mutations

You are a hulking beast.
Your limbs bulge with bestial killing power. (Slay +2)
You sometimes emit foul miasma when damaged in melee.
You sometimes gain a little power by taking damage.


   Skills:
 - Level 1.0 Fighting
 - Level 1.7 Dodging
 + Level 4.1 Unarmed Combat
 * Level 4.8 Shapeshifting


You had 4 spell levels left.
You didn't know any spells.
Your spell library was empty.

Inventory:

Missiles
 e - 30 stones (quivered)
 h - 2 poisoned darts
 n - 6 javelins
Armour
 a - a +1 animal skin
 k - a +0 scale mail (worn)
   (You found it on level 2 of the Dungeon)
 o - a +0 cloak
   (You found it on level 2 of the Dungeon)
Jewellery
 Z - a ring of wizardry
   (You found it on level 2 of the Dungeon)
Talismans
 c - a beast talisman (active)
 d - a flux talisman
Scrolls
 p - 2 scrolls of brand weapon
Potions
 b - 2 potions of lignification {!q}
 f - a potion of haste {unknown}
 g - a potion of enlightenment {unknown}
 i - 2 potions of might
 j - a potion of curing {@q1}
 m - a potion of mutation {!q}

Dungeon Overview and Level Annotations

Branches:
Dungeon (4/15) Zot: 21359
 Temple: D:4-7

Altars:
Dithmenos
Fedhas
Hepliaklqana
Okawaru

Shops:
D:3

( ######..##.#...#.##<.....#
#..........#.###.#####.### #.
#.............# #.### ###.
#....#..#.##### #.#.## ...
#.........##### #..#.#
.#####.##[......#.....#######.##
..............#.#...........#.#
.............###......#####.#.#
.........J....#h#.....#####.#.#
.#####.##...##J##.....##......#
... #...#########.##.##.### ####
#........####.##.##.#
#...####............# .###.
#..#####..#### .# #... ..# #. .#
.# # ##


You could see a jelly (poisoned, slow).


Message History

No target in view!
You start resting. 😎 HP[+1]
Your hp is fully restored (32).
Okay, then.
There is a stone staircase leading up here.
You now have 188 gold pieces (gained 16).
You see here a +0 dagger.
A hound comes into view.
The hound moves out of view.
A hound is nearby!
A hound is nearby!
You barely miss the hound. The hound closely misses you. The hound bites you.
You emit a cloud of foul miasma!
You hit the hound.
The hound is engulfed in dark miasma.
The hound is poisoned.
The hound seems to slow down.
The hound bites you but does no damage. 😕 HP[-2]
You take 2 damage, and now have 30/32 hp.
You punch the hound!
You kill the hound!
You have reached level 5! 😕 HP[+5] MP[+1]
You now have 37 max hp (+5).
You regained 5 hp, and now have 35/37 hp.
Your mp is fully restored (5).
f - a dark potion 😎 HP[+2]
Your hp is fully restored (37).
A black bear comes into view.
The black bear growls angrily.
A black bear is nearby!
A black bear is nearby!
You start waiting.
A black bear is nearby!
You hit the black bear. The black bear closely misses you.
The black bear claws you but does no damage.
The black bear closely misses you.
You hit the black bear. The black bear barely misses you.
The black bear claws you but does no damage.
The black bear completely misses you.
You hit the black bear. You punch the black bear.
The black bear goes berserk!
You hit the black bear.
The black bear bites you but does no damage.
The black bear claws you. The black bear completely misses you.
You closely miss the black bear. The black bear bites you.
You emit a cloud of foul miasma!
The black bear claws you but does no damage. x2
The black bear is engulfed in dark miasma.
The black bear is poisoned.
The black bear seems to slow down.
You kill the black bear!
Your Unarmed Combat skill increases to level 4! 😕 HP[-3]
You take 3 damage, and now have 34/37 hp.
You see here a black bear corpse.
Unknown command.
You start resting.
A jelly comes into view. 😕 HP[+1]
A jelly is nearby! 😕 HP[+1]
You start resting. 😎 HP[+1]
Your hp is fully restored (37).
No target in view!
No target in view!
No target in view!
No target in view!
You start waiting.
A jelly is nearby!
You hit the jelly.
Your hands burn!
The jelly closely misses you.
You barely miss the jelly. The jelly closely misses you. 😕 HP[-3]
You take 3 damage, and now have 34/37 hp.
You punch the jelly! The acid corrodes you!
Your hands burn!
The jelly hits you.
You are splashed with acid!
You focus on the pain.
You feel agile all of a sudden.
You emit a cloud of foul miasma!
You are too injured to fight recklessly! 😮 HP[-13]
You take 13 damage, and now have 21/37 hp.
MASSIVE DAMAGE!! (PAUSE)
You hit the jelly.
Your hands burn!
* * * LOW HITPOINT WARNING * * *
The jelly is engulfed in dark miasma.
The jelly is poisoned.
The jelly hits you.
* * * LOW HITPOINT WARNING * * *
You are splashed with acid!
* * * LOW HITPOINT WARNING * * *
😱 HP[-13]
You take 13 damage, and now have 8/37 hp.
MASSIVE DAMAGE!! (PAUSE)
A jelly is nearby!
You hit the jelly but do no damage.
Your hands burn!
* * * LOW HITPOINT WARNING * * *
The jelly is engulfed in dark miasma.
The jelly seems to slow down.
The jelly hits you.
* * * LOW HITPOINT WARNING * * *
The acid corrodes you!
You are splashed with acid.
You die...

Skill      XL: |  1  2  3  4  5 |
---------------+----------------+-----
Shapeshifting  | 3 4 |  4.8
Unarmed Combat | 3 4 |  4.1
Fighting       | |  1.0
Dodging        | |  1.7

Action                     |  1- 3 |  4- 6 || total
---------------------------+-------+-------++-------
  Melee: Unarmed           |   104 |    59 ||   163
         Punch             |     2 |     2 ||     4
    Use: Scroll            |     3 |     5 ||     8
 Armour: Animal skin       |    28 |       ||    28
         Scale mail        |    29 |    38 ||    67
  Dodge: Dodged            |    42 |    29 ||    71

Levels and vault maps discovered:
D:1:      minmay_arrival_doors, layout_loops_ring, minmay_pentomino_q2
D:2:      layout_loops_ring, hellmonk_ecumenical_altar_zigzags,
          kennysheep_potato
D:3:      layout_basic, chequers_temple_overflow_minitemple, serial_shops, shop
D:4:      minmay_wonky_spiral, layout_loops_cross, uniq_crazy_yiuf_cottage

Notes
Turn   | Place    | Note
-------+----------+-------------------------------------------
     0 | D:1      | kae the Demonspawn Shapeshifter began the quest for the
                  | Orb.
     0 | D:1      | Reached XP level 1. HP: 15/15 MP: 1/1
     0 | D:1      | magus.rc [v1.11.3]
   115 | D:1      | Reached skill level 3 in Shapeshifting
   147 | D:1      | Gained mutation: You sometimes gain a little power by
                  | taking damage. [demonic ancestry]
   147 | D:1      | Reached XP level 2. HP: 21/21 MP: 2/2
   206 | D:1      | Reached skill level 3 in Unarmed Combat
   527 | D:1      | Gained mutation: You may rarely emit foul miasma when
                  | damaged in melee. [demonic ancestry]
   527 | D:1      | Reached XP level 3. HP: 26/26 MP: 3/3
  1151 | D:2      | Found a faded altar of an unknown god.
  1787 | D:3      | Found Inoibbiq's Antique Weapon Boutique.
  1856 | D:3      | Reached skill level 4 in Shapeshifting
  1856 | D:3      | Gained mutation: You sometimes emit foul miasma when
                  | damaged in melee. [demonic ancestry]
  1856 | D:3      | Reached XP level 4. HP: 32/32 MP: 4/4
  2110 | D:3      | Found a faded altar of an unknown god.
  2110 | D:3      | Found an iron altar of Okawaru.
  2116 | D:3      | Found a shadowy altar of Dithmenos.
  2118 | D:3      | Found a hazy altar of Hepliaklqana.
  2120 | D:3      | Found a blossoming altar of Fedhas.
  2486 | D:4      | Noticed a black bear
  2581 | D:4      | Reached XP level 5. HP: 35/37 MP: 5/5
  2616 | D:4      | Noticed a black bear
  2634 | D:4      | Killed a black bear
  2635 | D:4      | Reached skill level 4 in Unarmed Combat
  2649 | D:4      | HP: 8/37 [acid (7)]
  2650 | D:4      | HP: 2/37 [jelly (2)]
  2650 | D:4      | Splashed by a jelly's acid

Vanquished Creatures
  A black bear (D:4)
  A bombardier beetle (D:3)
  A hound (D:4)
  4 adders
  2 dart slugs (D:1)
  2 orcs
  6 bats
  3 endoplasms
  A giant cockroach (D:2)
  8 hobgoblins
  7 jackals
  4 kobolds (D:1)
  A quokka (D:1)
  2 ball pythons
  2 frilled lizards
  5 goblins
  6 rats
56 creatures vanquished.

Table legend:
 A = Non-vault XP
 B = Vault XP
 C = Vault XP percentage of total XP
 D = Non-vault monster count
 E = Vault monster count
 F = Vault count percentage of total count
                 A         B        C        D         E       F
            +---------+---------+-------+---------+---------+-------
      Total |     347 |       7 |   2.0 |      52 |       4 |   7.1
            +---------+---------+-------+---------+---------+-------
        D:1 |      47 |       3 |   6.0 |      26 |       2 |   7.1
        D:2 |      35 |       4 |  10.3 |       8 |       2 |  20.0
        D:3 |      90 |       0 |   0.0 |      14 |       0 |   0.0
        D:4 |     175 |       0 |   0.0 |       4 |       0 |   0.0
            +---------+---------+-------+---------+---------+-------

Skill      XL: |  1  2  3  4  5 |
---------------+----------------+-----
Shapeshifting  | 3 4 |  4.8
Unarmed Combat | 3 4 |  4.1
Fighting       | |  1.0
Dodging        | |  1.7

Action                     |  1- 3 |  4- 6 || total
---------------------------+-------+-------++-------
  Melee: Unarmed           |   104 |    59 ||   163
         Punch             |     2 |     2 ||     4
    Use: Scroll            |     3 |     5 ||     8
 Armour: Animal skin       |    28 |       ||    28
         Scale mail        |    29 |    38 ||    67
  Dodge: Dodged            |    42 |    29 ||    71

Illustrated notes

Table legend:
 A = Kills in this place as a percentage of kills in the entire game.
 B = Kills by you in this place as a percentage of kills by you in the entire game.
 C = Kills by friends in this place as a percentage of kills by friends in the entire game.
 D = Other kills in this place as a percentage of other kills in the entire game.
 E = Experience gained in this place as a percentage of experience gained in the entire game.
 F = Experience gained in this place divided by the number of levels of this place that you have seen.
                   A       B       C       D       E      F
               +-------+-------+-------+-------+-------+----------------------
         Total | 100.0 | 100.0 |   N/A |   N/A | 100.0 |  88.5
       Dungeon | 100.0 | 100.0 |   N/A |   N/A | 100.0 |  88.5
               +-------+-------+-------+-------+-------+----------------------

Table legend: (Time is in decaauts)
 A = Elapsed time spent in this place.
 B = Non-inter-level travel time spent in this place.
 C = Inter-level travel time spent in this place.
 D = Time resting spent in this place.
 E = Time spent auto-exploring this place.
 F = Levels seen in this place.
 G = Mean time per level.
                   A        B        C        D        E       F      G
               +--------+--------+--------+--------+--------+-----+--------+
         Total |   2639 |   2549 |     90 |    136 |   2015 |   4 |  659.8 |
       Dungeon |   2639 |   2549 |     90 |    136 |   2015 |   4 |  659.8 |
               +--------+--------+--------+--------+--------+-----+--------+

Top non-repeatable levels by time:
     D:2: 928 daAuts
     D:1: 810 daAuts
     D:3: 703 daAuts
     D:4: 198 daAuts
